 Dungeon Crawl Stone Soup version 0.22-a0-407-gb098539 (webtiles) character file.

31 dstrtnsr the Chopper (level 3, 0/33 HPs)
             Began as a Hill Orc Berserker on May 9, 2018.
             Was a Follower of Trog.
             Slain by a goblin (1 damage)
             ... led by Robin
             ... on level 2 of the Dungeon.
             The game lasted 00:00:35 (608 turns).

dstrtnsr the Chopper (Hill Orc Berserker)            Turns: 608, Time: 00:00:36

Health: 0/33       AC:  3    Str: 20    XL:     3   Next: 22%
Magic:  3/3        EV: 12    Int:  7    God:    Trog [*.....]
Gold:   33         SH:  0    Dex: 10    Spells: 2/2 levels left

rFire    . . .     SeeInvis .   a - +0 hand axe
rCold    . . .     Gourm    .   (no shield)
rNeg     . . .     Faith    .   b - +0 animal skin
rPois    .         Spirit   .   (no helmet)
rElec    .         Reflect  .   (no cloak)
rCorr    .         Harm     .   k - +0 pair of gloves
MR       .....                  (no boots)
Stlth    +.........             (no amulet)
HPRegen  0.11/turn              (no ring)
MPRegen  0.08/turn              (no ring)

@: berserk cooldown, slowed, very slow
A: no striking features
a: Berserk, Renounce Religion


You were on level 2 of the Dungeon.
You worshipped Trog.
Trog was aware of your devotion.
You were not hungry.

You visited 1 branch of the dungeon, and saw 2 of its levels.

You collected 33 gold pieces.

Inventory:

Hand Weapons
 a - a +0 hand axe (weapon)
Armour
 b - a +0 animal skin (worn)
 k - a +0 pair of gloves (worn)
Scrolls
 g - a scroll of teleportation {unknown}
 h - 2 scrolls of identify {@r1}
Potions
 c - a potion of cancellation
 d - a potion of might {unknown}
 f - a potion of curing {unknown}
 j - a potion of lignification {unknown}
Comestibles
 e - 2 rations {!d}
 i - a chunk of flesh


   Skills:
 + Level 4.1 Fighting
 * Level 5.2 Axes
 - Level 2.1 Armour
 - Level 1.5 Dodging


You had 2 spell levels left.
You didn't know any spells.

Dungeon Overview and Level Annotations

Branches:
Dungeon (2/15)

Altars:
Kikubaaqudgha


Message History

You are too injured to fight recklessly!
You are too injured to fight recklessly!
You are too injured to fight recklessly!
You are too injured to fight recklessly!
You are too injured to fight recklessly!
You are too injured to fight recklessly!
You are too injured to fight recklessly!
You are too injured to fight recklessly!
You are too injured to fight recklessly!
You are too injured to fight recklessly!
You are too injured to fight recklessly!
You are too injured to fight recklessly!
You are too injured to fight recklessly!
You are too injured to fight recklessly!
You are too injured to fight recklessly!
You are too injured to fight recklessly!
You are too injured to fight recklessly!
You are too injured to fight recklessly!
You are too injured to fight recklessly!
You are too injured to fight recklessly!
You hit the goblin.
You kill the goblin!
Trog accepts your kill.
You hit the hobgoblin.
You kill the hobgoblin!
Trog accepts your kill. Robin throws the goblin at you!
The goblin hits you with a club.
* * * LOW HITPOINT WARNING * * *
You see here a club.
You miss the goblin. You barely miss the goblin. You hit the hobgoblin.
The goblin closely misses you. The hobgoblin hits you with a club.
* * * LOW HITPOINT WARNING * * *
You hit the goblin.
The goblin is almost dead.
You slash the hobgoblin!
You kill the hobgoblin!
Trog accepts your kill. The goblin misses you.
You slash the goblin!
You kill the goblin!
Trog accepts your kill.
Your Fighting skill increases to level 4!
You completely miss the hobgoblin.
The hobgoblin hits you but does no damage.
Things that are here:
a club; a goblin corpse You feel a strong urge to attack something.
The hobgoblin hits you.
* * * LOW HITPOINT WARNING * * *
You see here a club.
You slash the hobgoblin!
You kill the hobgoblin!
Trog accepts your kill.
You slash Robin!
Robin is severely wounded.
Robin hits you but does no damage.
You hit Robin.
You kill Robin!
Trog accepts your kill.
Your Axes skill increases to level 5!
You have reached level 3!
Your experience leads to an increase in your attributes!
Your base attributes are Str 19, Int 7, Dex 10.
Increase (S)trength, (I)ntelligence, or (D)exterity?
You feel stronger.
Unknown command.
You slash the hobgoblin!
You kill the hobgoblin!
Trog accepts your kill.
The goblin no longer looks unusually strong.
The goblin completely misses you.
Items here: ))) [[ ††† You hit the goblin.
You kill the goblin!
Trog accepts your kill.
You are no longer berserk.
You are exhausted.
You feel yourself slow down.
Things that are here:
a club; a goblin corpse; a hobgoblin corpse A goblin comes into view.
The goblin shouts!
A goblin comes into view.
Unknown command.
You closely miss the goblin. The goblin hits you but does no damage.
The goblin hits you.
* * * LOW HITPOINT WARNING * * *
You slash the goblin!
You kill the goblin!
Trog accepts your kill.
You hit the goblin but do no damage. The goblin barely misses you.
The goblin hits you.
* * * LOW HITPOINT WARNING * * *
Unknown command.
As you read the scroll labeled YNNANEGH LUTAQ, it crumbles to dust.
It is a scroll of identify.
c - a potion of cancellation The goblin hits you.
You die...

#### #########..###
)............
#########..#
#....#..########.####
#.#.....)))).@g......
#.#..##..############
# #.#..##..# #
#.#..##..#
####.#.......
#....#........
#.#._.....#..#.
#...............
...............#.


You could see a goblin.

Vanquished Creatures
  Robin (D:2)
  A dart slug (D:1)
  6 goblins (D:2)
  6 hobgoblins
  A kobold (D:1)
  A bat (D:1)
16 creatures vanquished.

Notes
Turn   | Place    | Note
-------+----------+-------------------------------------------
     0 | D:1      | dstrtnsr the Hill Orc Berserker began the quest for the Orb.
     0 | D:1      | Reached XP level 1. HP: 19/19 MP: 1/1
   300 | D:1      | Reached XP level 2. HP: 20/27 MP: 2/2
   552 | D:2      | Found an ancient bone altar of Kikubaaqudgha.
   579 | D:2      | Noticed Robin
   586 | D:2      | HP: 8/27 [goblin/club[Robin] (4)]
   591 | D:2      | HP: 5/40 [hobgoblin/club[Robin] (5)]
   598 | D:2      | Killed Robin
   598 | D:2      | Reached skill level 5 in Axes
   598 | D:2      | Reached XP level 3. HP: 6/33 MP: 3/3
   605 | D:2      | HP: 2/33 [goblin[Robin] (3)]
   608 | D:2      | Slain by a goblin

Vault maps used:
D:1:      onia_arrival_pentagram
D:2:      overflow_temple_1_default, old_standard_altar, uniq_robin

Skill      XL: |  1  2 |
---------------+-------+-----
Fighting       | 4 |  4.1
Axes           | 5 |  5.2
Armour         | |  2.1
Dodging        | |  1.5

Action                   || total
-------------------------++-------
Melee: Hand axe          ||    40
Invok: Berserk           ||     1
  Use: Scroll            ||     1
 Stab: Sleeping          ||     1
Armor: Animal skin       ||     4
Dodge: Dodged            ||    22

Table legend:
 A = Spawn XP
 B = Non-spawn XP
 C = Spawn XP percentage of total XP
 D = Spawn monster count
 E = Non-spawn monster count
 F = Spawn count percentage of total count
 G = Total turns spent on level
                    A         B        C        D         E        F      G
               +---------+---------+-------+---------+---------+-------+---------
         Total |       0 |      45 |   0.0 |       0 |      16 |   0.0 |   608
               +---------+---------+-------+---------+---------+-------+---------
           D:1 |       0 |      11 |   0.0 |       0 |       5 |   0.0 |   447
           D:2 |       0 |      34 |   0.0 |       0 |      11 |   0.0 |   161
               +---------+---------+-------+---------+---------+-------+---------
